 Dungeon Crawl Stone Soup version 0.27-a0-1322-gfdffb62a71 (webtiles) character file.

Game seed: 5596458977766081370

82 lunkers the Gusty (level 4, -3/24 HPs)
             Began as a Tengu Air Elementalist on June 22, 2021.
             Killed from afar by Sigmund (6 damage)
             ... with a puff of flame
             ... on level 2 of the Dungeon.
             The game lasted 00:03:11 (2157 turns).

lunkers the Gusty (Tengu Air Elementalist)          Turns: 2157, Time: 00:03:12

Health: -3/24      AC:  3    Str:  8    XL:     4   Next: 43%
Magic:  1/8        EV: 12    Int: 16    God:
Gold:   50         SH:  0    Dex: 15    Spells: 2/8 levels left

rFire    . . .     SeeInvis .   h - +2 short sword (vamp)
rCold    . . .     Faith    .   (no shield)
rNeg     . . .     Spirit   .   a - +0 robe
rPois    .         Reflect  .   (helmet restricted)
rElec    .         Harm     .   (no cloak)
rCorr    .         Rampage  .   g - +0 pair of gloves
Will     .....                  (boots unavailable)
Stlth    ++........             (no amulet)
HPRegen  0.08/turn              (no ring)
MPRegen  0.11/turn              (no ring)

@: no status effects
A: beak, talons 3
a: no special abilities


You were on level 2 of the Dungeon.
You visited 1 branch of the dungeon, and saw 2 of its levels.

You collected 50 gold pieces.

Inventory:

Hand Weapons
 c - a +0 dagger
 h - a +2 vampiric short sword (weapon)
Missiles
 b - 5 boomerangs of dispersal
Armour
 a - a +0 robe (worn)
 g - a +0 pair of gloves (worn)
Scrolls
 e - a scroll of identify {unknown}
 f - a scroll of enchant weapon {unknown}
Potions
 d - a potion of attraction {unknown}


   Skills:
 - Level 2.1 Dodging
 - Level 2.0 Stealth
 + Level 2.6 Spellcasting
 + Level 2.9 Conjurations
 * Level 5.5 Air Magic


You had 2 spell levels left.
You knew the following spells:

 Your Spells              Type           Power      Damage    Failure   Level
a - Shock                 Conj/Air       60%        1d6       3%          1
b - Static Discharge      Conj/Air       15%        N/A       4%          2
c - Swiftness             Air            20%        N/A       6%          3

Your spell library contained the following spells:

 Spells                   Type           Power      Damage    Failure   Level
 Airstrike                Air            10%        N/A       19%         4
 Lightning Bolt           Conj/Air       7%         1d20      67%         5


Dungeon Overview and Level Annotations

Branches:
Dungeon (2/15)

Altars:

Annotations:
D:2 Sigmund


Innate Abilities, Weirdness & Mutations

You have a beak for a mouth.
You have claws for feet.


Message History

Confirm with . or Enter, or press ? or * to list all spells.
Sigmund is struck by an arc of lightning.
Sigmund is heavily wounded.
You are struck by an arc of lightning.
The lightning grounds out.
Sigmund points at you and mumbles some strange words.
You resist with some effort.
Unknown command.
Unknown command.
Casting: Static Discharge (safe; 4% risk of failure)
Confirm with . or Enter, or press ? or * to list all spells.
Sigmund is struck by an arc of lightning!
Sigmund is severely wounded.
The lightning grounds out.
* * * LOW MAGIC WARNING * * *
Sigmund points at you and mumbles some strange words.
You are confused.
Unknown command.
Unknown command.
Sigmund barely misses you. Sigmund hits you with a +0 scythe.
You hit Sigmund. Your kick misses Sigmund. You peck Sigmund.
Sigmund is almost dead.
Sigmund points at you and mumbles some strange words.
The puff of flame hits you.
* * * LOW HITPOINT WARNING * * *
Sigmund points at you and mumbles some strange words.
The puff of flame hits you.
* * * LOW HITPOINT WARNING * * *
You feel less confused.
Sigmund points at you and mumbles some strange words.
The puff of flame hits you.
* * * LOW HITPOINT WARNING * * *
You hit Sigmund. You claw Sigmund.
Sigmund is almost dead.
Sigmund misses you.
You closely miss Sigmund. You claw Sigmund, but do no damage.
Sigmund is almost dead.
Sigmund gestures at you while chanting. The puff of flame hits you.
You die...

#........#.....##..
#..#...............
#.......##..##.....
##..........###...#
###...............
..#######....###.####...
.............###.##.....
##...................#.
#####@@.....#.......#.
#.........#†.......
#................#####
#.................##
#......##......##..###
#............#........
###.....#....#.##...##
.....##.##.#.####.†.
...###.. ..... ###.


You could see Sigmund.

Vanquished Creatures
  A gnoll (D:1)
  An adder (D:2)
  3 dart slugs (D:1)
  7 ball pythons
  2 endoplasms (D:1)
  3 giant cockroaches
  A goblin (D:1)
  7 hobgoblins
  6 jackals
  6 kobolds
  5 quokkas
  7 bats
  3 frilled lizards
  A rat (D:1)
53 creatures vanquished.

Notes
Turn   | Place    | Note
-------+----------+-------------------------------------------
     0 | D:1      | lunkers the Tengu Air Elementalist began the quest for the
                  | Orb.
     0 | D:1      | Reached XP level 1. HP: 10/10 MP: 4/4
   251 | D:1      | Reached XP level 2. HP: 15/15 MP: 4/6
   478 | D:1      | Found a faded altar of an unknown god.
   638 | D:1      | Reached XP level 3. HP: 16/19 MP: 0/7
   780 | D:1      | Learned a level 2 spell: Static Discharge
   784 | D:1      | Learned a level 3 spell: Swiftness
   872 | D:1      | Reached skill level 5 in Air Magic
  1580 | D:2      | Reached XP level 4. HP: 20/24 MP: 1/8
  2126 | D:2      | Noticed Sigmund
  2157 | D:2      | Killed from afar by Sigmund

Illustrated notes

Levels and vault maps discovered:
D:1:      dpeg_arrival_chambers_temple_mockup, layout_basic,
          ebering_ecumenical_altar_box, chequers_serial_rivers_micro_d
D:2:      layout_rooms, uniq_sigmund

Skill      XL: |  1  2  3 |
---------------+----------+-----
Conjurations   | 2 |  2.9
Air Magic      | 5 |  5.5
Dodging        | |  2.1
Stealth        | |  2.0
Spellcasting   | |  2.6

Action                   |  1- 3 |  4- 6 || total
-------------------------+-------+-------++-------
Melee: Unarmed           |     2 |       ||     2
       Kick              |     1 |     2 ||     3
       Short sword       |       |     8 ||     8
       Dagger            |       |     3 ||     3
       Peck              |       |     2 ||     2
Throw: Boomerang         |       |     2 ||     2
 Cast: Shock             |    71 |    23 ||    94
       Static Discharge  |     2 |     9 ||    11
Armor: Robe              |     1 |     6 ||     7
Dodge: Dodged            |    17 |    16 ||    33

Table legend: (Time is in decaauts)
 A = Elapsed time spent in this place.
 B = Non-inter-level travel time spent in this place.
 C = Inter-level travel time spent in this place.
 D = Time resting spent in this place.
 E = Time spent auto-exploring this place.
 F = Levels seen in this place.
 G = Mean time per level.
                   A        B        C        D        E       F      G
               +--------+--------+--------+--------+--------+-----+--------+
         Total |   2159 |   2106 |     53 |    239 |   1517 |   2 | 1079.5 |
       Dungeon |   2159 |   2106 |     53 |    239 |   1517 |   2 | 1079.5 |
               +--------+--------+--------+--------+--------+-----+--------+

Top non-repeatable levels by time:
     D:1: 1516 daAuts
     D:2: 642 daAuts
